 Dungeon Crawl Stone Soup version 0.15-a0-1004-gbf4e2e6 (webtiles) character file.

899 Quh the Magician (level 7, 0/40 HPs)
             Began as a Deep Elf Wizard on May 25, 2014.
             Was an Initiate of Sif Muna.
             Slain by a wight
             ... wielding a +2,+1 great sword
              (1 damage)
             ... on Level 6 of the Dungeon.
             The game lasted 00:31:52 (6643 turns).

Quh the Magician (Deep Elf Wizard)                  Turns: 6643, Time: 00:31:52

HP   0/40        AC  4     Str  6      XL: 7   Next: 79%
MP  13/32        EV 13     Int 23      God: Sif Muna [......]
Gold 170         SH  0     Dex 13      Spells:  6 memorised,  4 levels left

rFire  . . .     SeeInvis .     B - staff of death
rCold  . . .     Clarity  .     G - +0 robe
rNeg   + . .     Conserve .     (no shield)
rPois  .         rCorr    .     b - +0 hat
rElec  .         rRot     .     e - +1 cloak
SustAb .         Spirit   .     y - -1 pair of gloves (curse)
rMut   .         Warding  .     (no boots)
Gourm  .         Stasis   .     (no amulet)
MR     .....                    (no ring)
                                N - ring of magical power

@: very slightly contaminated, drained, not resistant to hostile enchantments,
unstealthy
A: no striking features
a: Renounce Religion


You were on level 6 of the Dungeon.
You worshipped Sif Muna.
Sif Muna was noncommittal.
You were hungry.

You visited 2 branches of the dungeon, and saw 7 of its levels.

You collected 170 gold pieces.

Inventory:

Hand weapons
 t - a cursed -2,-1 flail
Armour
 a - a +0 robe
 b - a +0 hat (worn)
 e - a +1 cloak (worn)
 y - a cursed -1 pair of gloves (worn)
 z - a +0 robe
 G - a +0 robe (worn)
 M - a +0 robe
Magical devices
 p - a wand of random effects (18) {unknown}
 F - a wand of fireball (4) {unknown}
Comestibles
 d - 3 bread rations
 i - 2 pears
 K - an apple
Scrolls
 f - a scroll of fog {unknown}
 h - 2 scrolls of identify
 o - a scroll of amnesia {unknown}
 u - a scroll of enchant armour {unknown}
 v - a scroll of noise {unknown}
 w - a scroll of enchant weapon I {unknown}
 x - a scroll of remove curse {unknown}
 A - a scroll of random uselessness {unknown}
 D - a scroll of magic mapping {unknown}
 H - a scroll of enchant weapon II {unknown}
 J - a scroll of teleportation {unknown}
Jewellery
 N - a ring of magical power (left hand)
Potions
 g - 6 potions of curing
 j - 2 potions of paralysis
 k - a potion of might {unknown}
 l - 3 potions of haste
 m - a potion of degeneration {unknown}
 n - 2 potions of resistance
 q - a potion of heal wounds {unknown}
 r - 2 potions of agility
 s - 2 potions of brilliance
 C - a potion of beneficial mutation {unknown}
 E - 2 potions of poison
Books
 c - a book of Minor Magic

   Spells                             Type                      Level
   *Magic Dart                        Conjuration                  1
   *Blink                             Translocation                2
   *Call Imp                          Summoning                    2
   *Repel Missiles                    Charms/Air                   2
   Slow                               Hexes                        2
   *Conjure Flame                     Conjuration/Fire             3
   *Mephitic Cloud                    Conjuration/Poison/Air       3
Magical staves
 B - an uncursed staff of death (weapon)


   Skills:
 * Level 2.4(2.0) Fighting
 * Level 4.2(3.8) Dodging
 - Level 2.4(2.0) Stealth
 + Level 5.7(5.3) Spellcasting
 - Level 2.0(1.6) Conjurations
 - Level 2.0(1.6) Summonings
 - Level 3.1(2.7) Translocations
 + Level 2.5(2.2) Fire Magic
 * Level 3.9(3.5) Air Magic
 - Level 3.1(2.7) Poison Magic
 + Level 1.6(1.2) Evocations


You had 4 spell levels left.
You knew the following spells:

 Your Spells              Type           Power        Failure   Level  Hunger
a - Magic Dart            Conj           ##..         4%          1    None
b - Blink                 Tloc           N/A          4%          2    None
c - Call Imp              Summ           ##......     10%         2    None
d - Repel Missiles        Chrm/Air       ##....       10%         2    None
e - Mephitic Cloud        Conj/Pois/Air  ###.....     10%         3    ##.....
f - Conjure Flame         Conj/Fire      ###.....     14%         3    ##.....


Dungeon Overview and Level Annotations

Branches:
Dungeon (6/15)             Temple (1/1) D:5

Altars:
Ashenzari
Cheibriados
Dithmenos
Elyvilon
Gozag
Makhleb
Nemelex Xobeh
Okawaru
Qazlal
Sif Muna
Vehumet
Xom
Zin
The Shining One

Annotations:
D:4 Grinder


Message History

You miscast Magic Dart.
Wisps of smoke drift from your hands. The wight barely misses you.
Your white imp barely misses the wight.
Casting: Magic Dart
Confirm with . or Enter, or press ? or * to list all spells.
Aiming: Magic Dart
Press: ? - help, Shift-Dir - straight line, f/p - wight
Aim: a wight, wielding a great sword and wearing a robe (heavily damaged)
The magic dart hits the wight.
The wight is heavily damaged.
The wight hits you with a great sword.
Your white imp barely misses the wight.
Casting: Magic Dart
Confirm with . or Enter, or press ? or * to list all spells.
Aiming: Magic Dart
Press: ? - help, Shift-Dir - straight line, f/p - wight
Aim: a wight, wielding a great sword and wearing a robe (heavily damaged)
You miscast Magic Dart.
Nothing appears to happen.
The wight hits you with a great sword!
* * * LOW HITPOINT WARNING * * *
You partially resist.
You feel drained.
You die...

#.# #.#.#. #.# #.#.#.
#.# #>#.#.
#########.#########.#.#.
#.................#.....
#.#####.#..######.##....
#.# #.#..######.......
#.#####.#..##...........
#.##...@......######..##
#.##5##z#.............##
#.##.##5##.##########...
#.#..(#5...# ####
#....5.....#
###..)###.## ##.## .#
#.# .# ##### #.# # #....


You could see a wight, a friendly iron imp, a friendly white imp and a friendly
shadow imp.

Vanquished Creatures
  A steam dragon (D:5)
  An ogre (D:5)
  A scorpion (D:4)
  A wight (D:6)
  A jelly (D:4)
  A hound (D:6)
  An orc wizard (D:4)
  4 worker ants
  Ijyb (D:2)
  Terence (D:2)
  3 gnolls (D:3)
  A giant mite (D:3)
  2 shadow imps
  2 adders (D:4)
  A worm (D:2)
  A worm zombie (D:5)
  A giant gecko (D:1)
  6 orcs
  2 giant cockroaches
  12 goblins
  6 hobgoblins
  5 jackals (D:3)
  12 kobolds
  An ooze (D:2)
  5 bats
  3 giant newts
  A jackal zombie (D:5)
  3 quokkas
  9 rats
89 creatures vanquished.

Vanquished Creatures (collateral kills)
  Edmund (D:4)
  An ice beast (D:5)
  Blork the orc (D:4)
  A wight (D:6)
  An orc wizard (D:4)
  2 adders (D:2)
  2 worms (D:2)
  An iguana skeleton (D:5)
  3 orcs (D:4)
  2 hobgoblins (D:1)
  A goblin (D:2)
  A rat (D:2)
17 creatures vanquished.

Vanquished Creatures (others)
  A crimson imp (D:5)
  2 iron imps
  A shadow imp (D:6)
  2 white imps
  A giant cockroach (D:4)
  2 fungi (D:5)
9 creatures vanquished.

Grand Total: 115 creatures vanquished

Notes
Turn   | Place    | Note
--------------------------------------------------------------
     0 | D:1      | Quh, the Deep Elf Wizard, began the quest for the Orb.
     0 | D:1      | Reached XP level 1. HP: 10/10 MP: 6/6
   316 | D:1      | Reached XP level 2. HP: 15/15 MP: 1/10
   320 | D:1      | Learned a level 2 spell: Blink
   323 | D:1      | Learned a level 2 spell: Call Imp
   326 | D:1      | Learned a level 2 spell: Repel Missiles
   975 | D:2      | Reached XP level 3. HP: 20/20 MP: 5/13
   997 | D:2      | Noticed Ijyb
  1009 | D:2      | Killed Ijyb
  1009 | D:2      | Reached skill level 1 in Fighting
  1014 | D:2      | Learned a level 3 spell: Mephitic Cloud
  1116 | D:2      | Reached skill level 5 in Spellcasting
  1220 | D:2      | Reached skill level 1 in Air Magic
  1465 | D:2      | Found a stormy altar of Qazlal.
  1513 | D:2      | Reached XP level 4. HP: 25/25 MP: 4/17
  1777 | D:2      | Noticed Terence
  1786 | D:2      | Killed Terence
  2065 | D:3      | Reached skill level 1 in Poison Magic
  2808 | D:3      | Reached XP level 5. HP: 29/29 MP: 7/19
  3217 | D:3      | Learned a level 3 spell: Conjure Flame
  3394 | D:4      | Reached skill level 1 in Fire Magic
  3720 | D:4      | Reached XP level 6. HP: 34/34 MP: 3/21
  3868 | D:4      | Noticed Grinder
  3872 | D:4      | Paralysed by Grinder for 6 turns
  3993 | D:4      | Paralysed by Grinder for 6 turns
  4045 | D:4      | Paralysed by Grinder for 4 turns
  4209 | D:4      | Noticed Blork the orc
  4225 | D:4      | Noticed Edmund
  4406 | D:4      | Killed Blork the orc
  4860 | D:4      | Killed Edmund
  4874 | D:5      | Entered Level 5 of the Dungeon
  5042 | D:5      | Reached XP level 7. HP: 39/39 MP: 2/23
  5403 | D:5      | Found a staircase to the Ecumenical Temple.
  5423 | Temple   | Entered the Ecumenical Temple
  5448 | Temple   | Became a worshipper of Sif Muna the Loreminder
  5730 | D:5      | Found a glowing golden altar of the Shining One.
  6060 | D:6      | Reached skill level 1 in Evocations
  6544 | D:5      | Noticed a steam dragon
  6556 | D:5      | Killed a steam dragon
  6643 | D:6      | HP: 1/40 [wight/great sword (13)]
  6643 | D:6      | Slain by a wight

Action                   |  1- 3 |  4- 6 |  7- 9 || total
-------------------------+-------+-------+-------++-------
Melee: Unarmed           |       |     3 |       ||     3
       Staff             |       |     2 |     2 ||     4
 Cast: Magic Dart        |    83 |   200 |    83 ||   366
       Call Imp          |     8 |    24 |    12 ||    44
       Mephitic Cloud    |     2 |    18 |     4 ||    24
       Blink             |       |     6 |     5 ||    11
  Use: Scroll            |       |       |     6 ||     6
